 Dungeon Crawl Stone Soup version 0.24.0-13-gcf9b3192b9 (webtiles) character file.

Game seed: 6438980959935924574, levelgen mode: deterministic

1468 teukkam the Covered (level 8, -2/73 HPs)
             Began as a Minotaur Fighter on Nov 10, 2019.
             Was a Follower of Ashenzari.
             Slain by an orc warrior
             ... wielding a +0 hand axe
              (21 damage)
             ... on level 6 of the Dungeon.
             The game lasted 00:14:52 (5177 turns).

teukkam the Covered (Minotaur Fighter)              Turns: 5177, Time: 00:14:53

Health: -2/73      AC:  7    Str: 23    XL:     8   Next: 48%
Magic:  7/7        EV: 11    Int:  5    God:    Ashenzari [*.....]
Gold:   392        SH:  5    Dex: 10    Spells: 7/7 levels left

rFire    . . .     SeeInvis .   a - +0 war axe
rCold    + . .     Gourm    .   L - +0 buckler {rPois} (curse)
rNeg     . . .     Faith    .   s - +0 leather armour (curse)
rPois    +         Spirit   .   (helmet restricted)
rElec    .         Reflect  .   (no cloak)
rCorr    .         Harm     .   G - +0 pair of gloves
MR       .....                  A - +1 pair of boots (curse)
Stlth    ++........             B - amulet of rage (curse)
HPRegen  0.22/turn              I - ring of protection from cold
MPRegen  0.10/turn              p - ring of stealth

@: no status effects
A: retaliatory headbutt, horns 2
a: Curse Item, Scrying, Renounce Religion, Evoke Berserk Rage


You were on level 6 of the Dungeon.
You worshipped Ashenzari.
Ashenzari was aware of your devotion.
You were not hungry.

You visited 2 branches of the dungeon, and saw 7 of its levels.

You collected 392 gold pieces.

Inventory:

Hand Weapons
 a - a +0 war axe (weapon)
 b - a +0 hunting sling
Missiles
 l - 12 poisoned darts
 n - 7 boomerangs
 o - 2 javelins (quivered)
 q - 181 stones
 t - 28 sling bullets
 v - 82 bolts
Armour
 c - a +0 shield
 s - a cursed +0 leather armour (worn)
 A - a cursed +1 pair of boots (worn)
 C - a +0 chain mail
 G - a +0 pair of gloves (worn)
 L - a cursed +0 buckler of poison resistance (worn)
Jewellery
 m - an uncursed ring of flight
 p - a ring of stealth (right hand)
 B - a cursed amulet of rage (around neck)
 I - a ring of protection from cold (left hand)
Wands
 J - a wand of polymorph (9)
Scrolls
 i - 4 scrolls of identify
 k - 2 scrolls of teleportation
 x - 3 scrolls of fear {unknown}
 y - 4 scrolls of magic mapping {unknown}
 z - 4 scrolls of immolation {unknown}
 D - a scroll of remove curse
 E - a scroll of blinking {unknown}
 F - a scroll of amnesia {unknown}
Potions
 d - 2 potions of might
 e - 2 potions of heal wounds
 g - 3 potions of brilliance
 h - a potion of haste
 j - 3 potions of mutation {unknown}
 r - 3 potions of magic {unknown}
 u - 7 potions of curing {unknown}
 w - a potion of cancellation {unknown}
 H - 2 potions of invisibility {unknown}
Comestibles
 f - 14 rations
 K - 2 chunks of flesh


   Skills:
 + Level 7.3 Fighting
 + Level 6.8 Axes
 + Level 3.7 Throwing
 + Level 7.3 Armour
 - Level 5.3 Shields


You had 7 spell levels left.
You didn't know any spells.
Your spell library was empty.

Dungeon Overview and Level Annotations

Branches:
Dungeon (6/15)             Temple (1/1) D:4

Altars:
Ashenzari
Cheibriados
Dithmenos
Elyvilon
Fedhas
Gozag
Hepliaklqana
Kikubaaqudgha
Makhleb
Okawaru
Qazlal
Ru
Trog
Vehumet
Wu Jian
Yredelemnul
Zin
The Shining One

Portals:
Sewer: D:6


Innate Abilities, Weirdness & Mutations

You reflexively headbutt those who attack you in melee.
You have a pair of horns on your head.


Message History

You barely miss the orc warrior.
The orc warrior is lightly wounded.
You closely miss something. You miss something.
Something hits you but does no damage. Something hits you.
The orc warrior hits you with a +0 hand axe!!
You hear some strange, mumbled words.
A puff of flame appears from out of thin air!
The puff of flame hits you.
You completely miss something. You hit something.
You hit the orc warrior but do no damage.
You hear some strange, mumbled words.
A puff of flame appears from out of thin air!
The puff of flame hits you.
* * * LOW HITPOINT WARNING * * *
Something hits you.
* * * LOW HITPOINT WARNING * * *
The orc warrior barely misses you. Something hits you but does no damage.
The orc hits you but does no damage.
The orc warrior hits you with a +0 hand axe!!
You die...

#..# ##.#
#.## #..#
##.## #..#
##.#
###.###
#o@...#
#{#o..#
#{....≈##
#....≈≈##
#...#≈≈###
.(...#≈≈#
###...#≈≈#
...##≈≈#
.####∩≈≈#


You could see an orc warrior and an orc.

Vanquished Creatures
  Sigmund (D:6)
  Eustachio (D:6)
  A sky beast (D:5)
  A centaur (D:4)
  2 ogres (D:4)
  A necrophage (D:5)
  A scorpion (D:4)
  3 howler monkeys
  A crimson imp (D:5)
  A jelly (D:5)
  2 orc priests (D:6)
  A bullfrog skeleton (D:5)
  2 hounds
  An iguana (D:5)
  An orc wizard (D:5)
  4 worker ants
  2 hound zombies (D:5)
  A hound skeleton (D:4)
  3 gnolls (D:2)
  8 adders
  5 worms
  7 leopard geckos
  12 orcs
  8 bats
  5 giant cockroaches
  3 goblins
  3 hobgoblins
  4 jackals (D:2)
  7 kobolds
  A quokka (D:4)
  7 frilled lizards
  3 rats (D:3)
103 creatures vanquished.

Notes
Turn   | Place    | Note
-------+----------+-------------------------------------------
     0 | D:1      | teukkam the Minotaur Fighter began the quest for the Orb.
     0 | D:1      | Reached XP level 1. HP: 19/19 MP: 0/0
   188 | D:2      | Reached XP level 2. HP: 27/27 MP: 1/1
   371 | D:2      | Reached XP level 3. HP: 29/33 MP: 2/2
   439 | D:2      | Found an ancient bone altar of Kikubaaqudgha.
   440 | D:2      | Found a shattered altar of Ashenzari.
   444 | D:2      | Found a shadowy altar of Dithmenos.
   465 | D:2      | Became a worshipper of Ashenzari the Shackled
  1288 | D:2      | Reached XP level 4. HP: 40/40 MP: 3/3
  1974 | D:3      | Reached XP level 5. HP: 23/47 MP: 4/4
  2724 | D:4      | Noticed a centaur
  2728 | D:4      | Reached skill level 5 in Armour
  2732 | D:4      | Killed a centaur
  2732 | D:4      | Reached skill level 5 in Fighting
  2732 | D:4      | Reached skill level 5 in Shields
  2732 | D:4      | Reached XP level 6. HP: 30/56 MP: 5/5
  2775 | D:4      | Found an opulent altar of Gozag.
  2780 | D:4      | Found a glowing silver altar of Zin.
  3043 | D:4      | Found a staircase to the Ecumenical Temple.
  3084 | Temple   | Entered the Ecumenical Temple
  3259 | D:4      | Reached skill level 5 in Axes
  3259 | D:4      | Reached skill level 1 in Throwing
  3259 | D:4      | Reached XP level 7. HP: 49/62 MP: 6/6
  3400 | D:4      | Reached * piety under Ashenzari
  3503 | D:5      | Entered Level 5 of the Dungeon
  4551 | D:5      | Reached XP level 8. HP: 60/71 MP: 7/7
  4580 | D:5      | Found a sacrificial altar of Ru.
  4707 | D:6      | Noticed Eustachio
  4787 | D:6      | Killed Eustachio
  4992 | D:6      | Noticed Sigmund
  5002 | D:6      | Killed Sigmund
  5173 | D:6      | Found a glowing drain.
  5177 | D:6      | Slain by an orc warrior

Levels and vault maps discovered:
D:1:      wander_arrival_fairy_ring, layout_loops_cross
D:2:      layout_basic, minitemple, grunt_ministairs_14
D:3:      layout_basic
D:4:      layout_basic, nicolae_overflow_hidden_temple,
          minmay_temple_entry_mini_moons
D:5:      layout_basic, first_ration, nicolae_ru_path_of_blood
D:6:      layout_basic, cheibrodos_sewer_entry_bend, minivault_4,
          minmay_statues_item, uniq_eustachio, uniq_sigmund
Temple:   dshaligram_water_room_temple

Skill      XL: |  1  2  3  4  5  6  7  8 |
---------------+-------------------------+-----
Armour         | 4 5 6 7 |  7.3
Fighting       | 4 5 6 7 |  7.3
Axes           | 3 4 5 6 |  6.8
Shields        | 4 5 |  5.3
Throwing       | 1 2 3 |  3.7

Action                   |  1- 3 |  4- 6 |  7- 9 || total
-------------------------+-------+-------+-------++-------
Melee: War axe           |    54 |    98 |   113 ||   265
       Headbutt          |     9 |    17 |    18 ||    44
 Fire: Hunting sling     |     3 |     6 |       ||     9
Throw: Javelin           |     4 |     3 |     8 ||    15
Invok: Curse Item        |       |     2 |     1 ||     3
 Abil: Evoke Berserk Rag |       |     1 |     1 ||     2
  Use: Potion            |       |       |     2 ||     2
       Scroll            |       |       |     3 ||     3
 Stab: Distracted        |       |       |     1 ||     1
  Eat: Chunk             |     1 |     6 |     5 ||    12
       Ration            |       |       |     1 ||     1
Armor: Scale mail        |    14 |       |       ||    14
       Leather armour    |    13 |    19 |    38 ||    70
Dodge: Dodged            |    21 |    35 |    36 ||    92
Block: Shield            |    35 |    49 |    64 ||   148
